 Dungeon Crawl Stone Soup version 0.28.0 (webtiles) character file.

Game seed: 15372546691088882198

9 Spectrina the Ducker (level 2, 0/14 HPs)
             Began as a Felid Monk on Feb 6, 2022.
             Slain by a goblin (2 damage)
             ... on level 2 of the Dungeon.
             The game lasted 00:01:00 (132 turns).

Spectrina the Ducker (Felid Monk)                    Turns: 132, Time: 00:01:00

Health: 0/14       AC:  1    Str:  7    XL:     2   Next: 6%
Magic:  3/3        EV: 19    Int: 11    God:
Gold:   32         SH:  0    Dex: 18    Spells: 1/1 levels left
                                        Lives:  0   Deaths: 0

rFire   . . .      SeeInvis +     - Unarmed
rCold   . . .      Faith    .   (shield unavailable)
rNeg    . . .      Spirit   .   (armour unavailable)
rPois   .          Reflect  .   (helmet unavailable)
rElec   .          Harm     .   (cloak unavailable)
rCorr   .          Rampage  .   (gloves unavailable)
Will    .....                   (boots unavailable)
Stlth   ++........              (no amulet)
HPRegen 0.04/turn               (no ring)
MPRegen 0.08/turn               (no ring)

@: quick
A: very small, claws 1, fangs 3, see invisible, speed 1, shaggy fur 1, stealthy
paws, no weapons or thrown items, no armour, multi-lived
a: no special abilities


You were on level 2 of the Dungeon.
You visited 1 branch of the dungeon, and saw 2 of its levels.

You collected 32 gold pieces.

Inventory:

Scrolls
 a - a scroll of enchant armour {unknown}


   Skills:
 - Level 3.0 Fighting
 - Level 4.0 Dodging
 + Level 2.9 Stealth
 + Level 3.5 Unarmed Combat


You had one spell level left.
You didn't know any spells.
Your spell library was empty.

Dungeon Overview and Level Annotations

Branches:
Dungeon (2/15)

Altars:


Innate Abilities, Weirdness & Mutations

You have sharp claws.
You have razor-sharp teeth.
You have supernaturally acute eyesight. (SInv)
You cover ground quickly. (Speed+)
You are covered in fur. (AC +1)
Your paws help you pounce on unaware monsters.
You are incapable of wielding weapons or throwing items.
You cannot wear armour.
You gain extra lives every three experience levels.


Message History

The ball python is severely wounded.
The ball python barely misses you. x2
You barely miss the ball python.
The ball python is severely wounded.
The ball python barely misses you. The ball python completely misses you.
You barely miss the ball python. You bite the ball python.
You kill the ball python!
There is a stone staircase leading up here.
A goblin comes into view. It is wielding a +0 dagger.
Found a faded altar of an unknown god.
Unknown command.
The goblin shouts!
A ball python comes into view.
You closely miss the goblin. The goblin misses you.
You scratch the goblin.
The goblin is moderately wounded.
The goblin barely misses you.
You barely miss the goblin.
The goblin is moderately wounded.
The ball python hisses angrily.
The goblin hits you with a +0 dagger.
You closely miss the goblin.
The goblin is moderately wounded.
The goblin misses you.
You barely miss the goblin.
The goblin is moderately wounded.
The goblin hits you with a +0 dagger.
* * * LOW HITPOINT WARNING * * *
The ball python closely misses you. x2
You closely miss the goblin.
The goblin is moderately wounded.
The goblin closely misses you. The ball python bites you.
* * * LOW HITPOINT WARNING * * *
The ball python misses you.
Unknown command.
You scratch the goblin.
The goblin is heavily wounded.
The ball python completely misses you. The ball python misses you.
The goblin hits you with a +0 dagger.
You die...

######### #.......
#.# #..### #.#
#..)†#
#.###..#.......
#.<....###.###.
#######.###..### #
#...S@..........
#.####g.##........
#..##.......#
#.....##.......#
#.......###.......#
#.......# ......#
#S##.##.# . # #_
#.# # #.#


You could see a goblin and a ball python.

Vanquished Creatures
  A dart slug (D:1)
  3 ball pythons
  A goblin (D:2)
  A quokka (D:2)
  A frilled lizard (D:1)
7 creatures vanquished.

Notes
Turn   | Place    | Note
-------+----------+-------------------------------------------
     0 | D:1      | Spectrina the Felid Monk began the quest for the Orb.
     0 | D:1      | Reached XP level 1. HP: 10/10 MP: 2/2
   108 | D:2      | Reached XP level 2. HP: 10/14 MP: 3/3
   119 | D:2      | Found a faded altar of an unknown god.
   132 | D:2      | Slain by a goblin

Illustrated notes

Levels and vault maps discovered:
D:1:      lemuel_arrival_tunnels, layout_basic
D:2:      layout_loops_cross, basic_altar, basic_ecumenical_altar

Action                   || total
-------------------------++-------
Melee: Unarmed           ||    26
       Bite              ||     2
 Stab: Sleeping          ||     2
Armor: Skin              ||     1
Dodge: Dodged            ||    28
